PCL
ALBUQUERQUE ISOTOPES @ SPOKANE TRAPPERS
05/25/2030
 
TOP OF THE 1ST
Albuquerque Isotopes batting - Pitching for Spokane Trappers : RHP Jing-xiang Fa
Pitching: RHP Jing-xiang Fa
Batting: RHB Javier Peña 0-0: Called Strike
0-1: Ball
1-1: Ball
2-1: Swinging Strike
2-2: Ball
3-2: Base on Balls
Batting: LHB Fernando Ortíz 0-0: Called Strike
0-1: Foul Ball, location: 2F
0-2: Ball
1-2: TRIPLE (Flyball, 89XD)
Javier Peña scores
Batting: SHB Thomas Simmons 0-0: Ground out 6-3 (Groundball, 56D)
Fernando Ortíz scores
Batting: SHB Manuel Hegnauer 0-0: Called Strike
0-1: Foul Ball, location: 2F
0-2: Ball
1-2: Strikes out looking
Batting: RHB Jesse McKnight 0-0: Called Strike
0-1: Swinging Strike
0-2: Fly out, F7 (Flyball, 7D)
Top of the 1st over - 2 runs, 1 hit, 0 errors, 0 left on base; Albuquerque 2 - Spokane 0
BOTTOM OF THE 1ST
Spokane Trappers batting - Pitching for Albuquerque Isotopes : RHP Mario López
Pitching: RHP Mario López
Batting: LHB John Cotton 0-0: Ball
1-0: Ball
2-0: Ball
3-0: Base on Balls
Batting: RHB Danny Crouch 0-0: Ball
1-0: Called Strike
1-1: Foul Ball, location: 2F
1-2: Ball
2-2: Ball
3-2: Strikes out swinging
John Cotton steals 2nd base
Batter strikes out.
Batting: SHB Chris Bennis 0-0: Ball
1-0: Ball
John Cotton is caught stealing 3rd base
2-0: Called Strike
2-1: Ball
3-1: Base on Balls
Batting: RHB José Herrera 0-0: Called Strike
0-1: Ground out 4-3 (Groundball, 4)
Bottom of the 1st over - 0 runs, 0 hits, 0 errors, 1 left on base; Albuquerque 2 - Spokane 0
TOP OF THE 2ND
Albuquerque Isotopes batting - Pitching for Spokane Trappers : RHP Jing-xiang Fa
Batting: LHB Tanyu Imai 0-0: Called Strike
0-1: Ball
1-1: Ball
2-1: Ground out 6-3 (Groundball, 6MS)
Batting: RHB Piotr Zahn 0-0: Called Strike
0-1: Ball
1-1: Ball
2-1: Foul Ball, location: 2F
2-2: Strikes out swinging
Batting: RHB Martín López 0-0: Fly out, F9 (Flyball, 9S)
Top of the 2nd over - 0 runs, 0 hits, 0 errors, 0 left on base; Albuquerque 2 - Spokane 0
BOTTOM OF THE 2ND
Spokane Trappers batting - Pitching for Albuquerque Isotopes : RHP Mario López
Batting: LHB Sixto Cantú 0-0: Ball
1-0: Called Strike
1-1: Fly out, F7 (Flyball, 7LM)
Batting: RHB Enrique Mendoza 0-0: Called Strike
0-1: Foul Ball, location: 2F
0-2: Foul Ball, location: 2F
0-2: Ball
1-2: Foul Ball, location: 2F
1-2: Ball
2-2: Ball
3-2: Strikes out looking
Batting: RHB Andrew Good 0-0: Reached on error, E5 (Groundball, 56)
Batting: RHB Alberto Velásquez 0-0: Ball
1-0: Called Strike
1-1: Foul Ball, location: 2F
1-2: Foul Ball, location: 2F
1-2: Ball
2-2: Foul Ball, location: 2F
2-2: Fielders Choice at 2nd, 5-4 (Groundball, 5L)
Bottom of the 2nd over - 0 runs, 0 hits, 1 error, 1 left on base; Albuquerque 2 - Spokane 0
TOP OF THE 3RD
Albuquerque Isotopes batting - Pitching for Spokane Trappers : RHP Jing-xiang Fa
Batting: RHB Luis Ortega 0-0: Ball
1-0: Foul Ball, location: 2F
1-1: Called Strike
1-2: Ball
2-2: Ball
3-2: Ground out 4-3 (Groundball, 4S)
Batting: RHB Javier Peña 0-0: Fly out, F9 (Flyball, 9S)
Batting: LHB Fernando Ortíz 0-0: Called Strike
0-1: Called Strike
0-2: Ball
1-2: Ball
2-2: Ball
3-2: Strikes out swinging
Top of the 3rd over - 0 runs, 0 hits, 0 errors, 0 left on base; Albuquerque 2 - Spokane 0
BOTTOM OF THE 3RD
Spokane Trappers batting - Pitching for Albuquerque Isotopes : RHP Mario López
Batting: RHB Juan Velásquez 0-0: SINGLE (Groundball, 56S) (infield hit)
Batting: LHB John Cotton 0-0: Foul Ball, location: 2F
0-1: Called Strike
0-2: Foul Ball, location: 2F
0-2: Ball
1-2: Fielders Choice at 2nd, 1-6 (Groundball, 13S)
Batting: RHB Danny Crouch 0-0: Called Strike
John Cotton steals 2nd base
0-1: Ball
1-1: Called Strike
John Cotton steals 3rd base
1-2: Ball
2-2: Foul Ball, location: 2F
2-2: Strikes out looking
Batting: SHB Chris Bennis 0-0: Ball
1-0: Foul Ball, location: 2F
1-1: Fly out, F8 (Flyball, 8LD)
Bottom of the 3rd over - 0 runs, 1 hit, 0 errors, 1 left on base; Albuquerque 2 - Spokane 0
TOP OF THE 4TH
Albuquerque Isotopes batting - Pitching for Spokane Trappers : RHP Jing-xiang Fa
Batting: SHB Thomas Simmons 0-0: Called Strike
0-1: Swinging Strike
0-2: Ball
1-2: Fly out, F7 (Flyball, 7LD)
Batting: SHB Manuel Hegnauer 0-0: Foul Ball, location: 2F
0-1: Ball
1-1: Ball
2-1: Ground out 1-3 (Groundball, 15)
Batting: RHB Jesse McKnight 0-0: Swinging Strike
0-1: Swinging Strike
0-2: Ball
1-2: Strikes out swinging
Top of the 4th over - 0 runs, 0 hits, 0 errors, 0 left on base; Albuquerque 2 - Spokane 0
BOTTOM OF THE 4TH
Spokane Trappers batting - Pitching for Albuquerque Isotopes : RHP Mario López
Batting: RHB José Herrera 0-0: Foul Ball, location: 2F
0-1: Ball
1-1: Ball
2-1: Ball
3-1: Ground out 4-3 (Groundball, 4)
Batting: LHB Sixto Cantú 0-0: Swinging Strike
0-1: Ball
1-1: SOLO HOME RUN (Flyball, 9D), Distance : 364 ft
Batting: RHB Enrique Mendoza 0-0: Ball
1-0: Foul Ball, location: 2F
1-1: Ball
2-1: Ground out 5-3 (Groundball, 56)
Batting: RHB Andrew Good 0-0: SINGLE (Flyball, 9S) - OUT at second base trying to stretch hit.
Bottom of the 4th over - 1 run, 2 hits, 0 errors, 0 left on base; Albuquerque 2 - Spokane 1
TOP OF THE 5TH
Albuquerque Isotopes batting - Pitching for Spokane Trappers : RHP Jing-xiang Fa
Batting: LHB Tanyu Imai 0-0: Called Strike
0-1: Fly out, F9 (Flyball, 9S)
Batting: RHB Piotr Zahn 0-0: Ball
1-0: Ball
2-0: Foul Ball, location: 2F
2-1: Swinging Strike
2-2: Strikes out looking
Batting: RHB Martín López 0-0: Called Strike
0-1: Foul Ball, location: 2F
0-2: Ground out 6-3 (Groundball, 6M)
Top of the 5th over - 0 runs, 0 hits, 0 errors, 0 left on base; Albuquerque 2 - Spokane 1
BOTTOM OF THE 5TH
Spokane Trappers batting - Pitching for Albuquerque Isotopes : RHP Mario López
Batting: RHB Alberto Velásquez 0-0: Ball
1-0: Ball
2-0: Ground out 4-3 (Groundball, 4M)
Batting: RHB Juan Velásquez 0-0: Ball
1-0: Called Strike
1-1: Ground out U3 (Groundball, 3)
Batting: LHB John Cotton 0-0: Called Strike
0-1: Foul Ball, location: 2F
0-2: Ball
1-2: Reached on error, E5 (Groundball, 56S)
Batting: RHB Danny Crouch 0-0: Ball
Pickoff Throw to First - Out!
Bottom of the 5th over - 0 runs, 0 hits, 1 error, 0 left on base; Albuquerque 2 - Spokane 1
TOP OF THE 6TH
Albuquerque Isotopes batting - Pitching for Spokane Trappers : RHP Jing-xiang Fa
Batting: RHB Luis Ortega 0-0: Swinging Strike
0-1: Foul Ball, location: 2F
0-2: Ball
1-2: Strikes out looking
Batting: RHB Javier Peña 0-0: Ball
1-0: Swinging Strike
1-1: Called Strike
1-2: Ball
2-2: Foul Ball, location: 2F
2-2: Foul Ball, location: 2F
2-2: Fly out, F3 (Line Drive, 3S)
Batting: LHB Fernando Ortíz 0-0: Ball
1-0: Ball
2-0: Ball
3-0: Called Strike
3-1: Fly out, F9 (Line Drive, 9LM)
Top of the 6th over - 0 runs, 0 hits, 0 errors, 0 left on base; Albuquerque 2 - Spokane 1
BOTTOM OF THE 6TH
Spokane Trappers batting - Pitching for Albuquerque Isotopes : RHP Mario López
Batting: RHB Danny Crouch 0-0: Ball
1-0: Ball
2-0: Swinging Strike
2-1: Ball
3-1: Base on Balls
Batting: SHB Chris Bennis 0-0: Foul Ball, location: 2F
0-1: Called Strike
0-2: Ball
1-2: Ground out 3-1 (Groundball, 34S)
Danny Crouch to second
Batting: RHB José Herrera 0-0: Called Strike
0-1: 2-RUN HOME RUN (Flyball, 7LD), Distance : 344 ft
Batting: LHB Sixto Cantú 0-0: Foul Ball, location: 2F
0-1: Ground out 3-1 (Groundball, 34)
Batting: RHB Enrique Mendoza 0-0: Ground out 5-3 (Groundball, 5)
Bottom of the 6th over - 2 runs, 1 hit, 0 errors, 0 left on base; Albuquerque 2 - Spokane 3
TOP OF THE 7TH
Albuquerque Isotopes batting - Pitching for Spokane Trappers : RHP Jing-xiang Fa
Batting: SHB Thomas Simmons 0-0: Ball
1-0: Ball
2-0: SINGLE (Groundball, 4MD)
Batting: SHB Manuel Hegnauer 0-0: Ball
Thomas Simmons steals 2nd base
1-0: Swinging Strike
1-1: Ball
2-1: Foul Ball, location: 2F
2-2: Strikes out looking
Batting: RHB Jesse McKnight 0-0: Called Strike
0-1: Foul Ball, location: 2F
0-2: Foul Ball, location: 2F
0-2: Ball
1-2: Strikes out swinging
Pitching: LHP Steve Paredes
Pinch Hitting: RHB Scott Lee 0-0: Foul Ball, location: 2F
0-1: Swinging Strike
0-2: Ball
1-2: Ball
2-2: Strikes out swinging
Top of the 7th over - 0 runs, 1 hit, 0 errors, 1 left on base; Albuquerque 2 - Spokane 3
BOTTOM OF THE 7TH
Spokane Trappers batting - Pitching for Albuquerque Isotopes : RHP Mario López
Now in RF: José González
Batting: RHB Andrew Good 0-0: Ball
1-0: Ball
2-0: Foul Ball, location: 2F
2-1: Ball
3-1: Base on Balls
Batting: RHB Alberto Velásquez 0-0: Sac Bunt - play at first, batter safe!
Andrew Good to second
Pinch Hitting: LHB Lorenzo Flores 0-0: Swinging Strike
0-1: Swinging Strike
0-2: Ball
1-2: Ball
2-2: Ball
3-2: Strikes out swinging
Pinch Hitting: LHB Stan Bates 0-0: Ball
1-0: Foul Ball, location: 2F
1-1: Swinging Strike
1-2: Foul Ball, location: 2F
1-2: Fielders Choice at 2nd, 5-4 (Groundball, 56)
Andrew Good to third
Pinch Hitting: LHB José Rivas 0-0: Swinging Strike
0-1: Ball
1-1: Ball
2-1: Ball
3-1: Base on Balls
Stan Bates to second
Pitching: RHP Tom Mobley
Batting: SHB Chris Bennis 0-0: Ball
1-0: Ball
2-0: Ball
3-0: Reached on error, E7 (Flyball, 7S)
Andrew Good scores
Stan Bates scores
José Rivas to third
Batting: RHB José Herrera 0-0: Ball
1-0: Foul Ball, location: 2F
1-1: Ball
2-1: Ball
3-1: Foul Ball, location: 2F
3-2: Base on Balls
Batting: LHB Sixto Cantú 0-0: Ball
1-0: DOUBLE (Groundball, 5L)
José Rivas scores
Chris Bennis scores
José Herrera to third
Runner from 3rd tries for Home, SAFE, no throw
Batting: RHB Enrique Mendoza 0-0: Ball
1-0: Called Strike
1-1: Foul Ball, location: 2F
1-2: Ground out 6-3 (Groundball, 6M)
Bottom of the 7th over - 5 runs, 2 hits, 1 error, 1 left on base; Albuquerque 2 - Spokane 8
TOP OF THE 8TH
Albuquerque Isotopes batting - Pitching for Spokane Trappers : LHP Steve Paredes
Now at 1B: Freddy Padilla
Now at 2B: Orlando Bruno
Now at 3B: Tommy Evans
Now in RF: José Rivas
Batting: RHB Piotr Zahn 0-0: Called Strike
0-1: Ball
1-1: Ball
2-1: Ball
3-1: DOUBLE (Line Drive, 7LM)
Batting: RHB Martín López 0-0: Ground out 4-3 (Groundball, 4S)
Piotr Zahn to third
Batting: RHB Luis Ortega 0-0: Ball
1-0: Foul Ball, location: 2F
1-1: Swinging Strike
1-2: Foul Ball, location: 2F
1-2: Strikes out swinging
Batting: RHB Javier Peña 0-0: Swinging Strike
0-1: Foul Ball, location: 2F
0-2: Ball
1-2: Ball
Passed Ball!
Piotr Zahn scores
2-2: Foul Ball, location: 2F
2-2: Foul Ball, location: 2F
2-2: Strikes out swinging
Top of the 8th over - 1 run, 1 hit, 0 errors, 0 left on base; Albuquerque 3 - Spokane 8
BOTTOM OF THE 8TH
Spokane Trappers batting - Pitching for Albuquerque Isotopes : RHP Tom Mobley
Batting: RHB Andrew Good 0-0: Ball
1-0: Swinging Strike
1-1: Called Strike
1-2: Foul Ball, location: 2F
1-2: SINGLE (Groundball, 34D)
Batting: RHB Alberto Velásquez 0-0: Called Strike
0-1: Ball
1-1: SINGLE (Groundball, 34D)
Andrew Good to second
Batting: LHB Tommy Evans 0-0: Ball
1-0: Bunted foul
1-1: Bunted foul
1-2: SINGLE (Line Drive, 56D)
Andrew Good to third
Alberto Velásquez to second
Batting: RHB Orlando Bruno 0-0: GRAND SLAM HOME RUN (Flyball, 7LD), Distance : 360 ft
Batting: LHB José Rivas 0-0: Ball
1-0: Ball
2-0: Ball
3-0: Called Strike
3-1: Foul Ball, location: 2F
3-2: Base on Balls
Batting: SHB Chris Bennis 0-0: Foul Ball, location: 2F
0-1: Ball
1-1: Foul Ball, location: 2F
1-2: Ball
2-2: Strikes out swinging
Batting: RHB José Herrera 0-0: Ball
1-0: Called Strike
1-1: Fly out, F9 (Flyball, 9S)
Batting: RHB Freddy Padilla 0-0: Ball
1-0: Foul Ball, location: 2F
1-1: Foul Ball, location: 2F
1-2: Foul Ball, location: 2F
1-2: Strikes out swinging
Bottom of the 8th over - 4 runs, 4 hits, 0 errors, 1 left on base; Albuquerque 3 - Spokane 12
TOP OF THE 9TH
Albuquerque Isotopes batting - Pitching for Spokane Trappers : LHP Steve Paredes
Now at C: José Martínez
Batting: LHB Fernando Ortíz 0-0: Ball
1-0: Foul Ball, location: 2F
1-1: Ball
2-1: Swinging Strike
2-2: SINGLE (Line Drive, 4)
Batting: SHB Thomas Simmons 0-0: Swinging Strike
0-1: Swinging Strike
0-2: Strikes out swinging
Pinch Hitting: RHB Eric Knight 0-0: Called Strike
0-1: Foul Ball, location: 2F
0-2: Ball
1-2: Foul Ball, location: 2F
1-2: Strikes out swinging
Batting: RHB Jesse McKnight 0-0: Ball
1-0: Swinging Strike
1-1: Foul Ball, location: 2F
1-2: Strikes out swinging
Top of the 9th over - 0 runs, 1 hit, 0 errors, 1 left on base; Albuquerque 3 - Spokane 12
Saturday, April 7th, 2018 - OOTP Baseball 18.8 Build 76